AoeStats
← Barón de la Cerveza

Arabia

505331941Analyzed
1v1 RM · 25d ago on Sep 8, 2026· 40m 6s· 2 players
Game mode
Random Map
Map size
Tiny (2 player)
Population
200
Speed
Normal
Resources
Standard
Victory
Conquest
Starting age
Dark Age
Ending age
Imperial Age
RankedLock teamsTeams togetherTeam positionsShared explorationLock speedFull tech treeHidden civsTurbo modeCheats
Victory
Defeat
🇺🇸 Goths · United States
1868
+13
🇲🇽 Shu · Mexico
1799
-13
Barón de la Cerveza
6:56 Loom
9:44 Feudal Age
10:45 Double-Bit Axe
15:02 Fletching
21:36 Castle Age
20:16 Padded Archer Armor
22:36 Bow Saw
22:36 Horse Collar
23:28 Crossbowman
25:21 Bodkin Arrow
29:20 Town Watch
30:16 Wheelbarrow
36:10 Imperial Age
35:30 Scale Mail Armor
35:32 Squires
37:34 Chain Mail Armor
38:49 Conscription
39:50 Plate Mail Armor
39:32 Forging
katzzlikemeowmix
3:38 Loom
11:04 Feudal Age
12:30 Horse Collar
12:36 Double-Bit Axe
15:48 Fletching
19:19 Castle Age
17:29 Fletching
19:31 Padded Archer Armor
19:46 Gold Mining
20:14 Bodkin Arrow
19:42 Crossbowman
21:19 Bow Saw
23:40 Wheelbarrow
22:50 Town Watch
27:56 Hand Cart
28:00 Hand Cart
31:48 Imperial Age
29:20 Stone Mining
30:03 Scale Mail Armor
30:54 Forging
31:24 Stone Shaft Mining
31:13 Squires
30:34 Man-at-Arms
32:08 Chain Mail Armor
33:11 Iron Casting
32:20 Man-at-Arms
33:23 Anarchy
33:30 Bracer
35:19 Blast Furnace
35:47 Leather Archer Armor
36:45 Two-Man Saw
35:51 Heavy Plow
37:18 Chemistry
37:29 Perfusion
37:50 Conscription
38:39 Ring Archer Armor
39:04 Elite Huskarl
Connection lost

Rejoining the realm…

Still unreachable

The connection could not be restored.

Session expired

The server has moved on; the page needs a fresh start.